Map: Ruins of Seras

Players

LindyHop - Winner!

  • Race: Zerg Zerg
  • League: Platinum

A.I. 1 (Harder)

  • Race: Zerg Zerg

VOD

Have the link to the VOD?

Description

Time

  • Played on: Dec. 12, 2015, 2:18 p.m.
  • Length: 9:27
Show
View Real Time Build Order
Export as new Build Order

LindyHop Zerg - Winner!

Build Orders: Hatch First 

Get SALT Encoding   

  12  0:01  Drone  
  13  0:12  Overlord  
  13  0:19  Drone  
  14  0:30  Drone  
  14  0:31  Drone  
  14  0:34  Drone  
  17  0:58  Hatchery  
  17  1:01  Drone  
  17  1:03  Drone  
  18  1:06  Extractor  
  18  1:07  Drone  
  18  1:23  Spawning Pool  
  18  1:25  Drone  
  18  1:32  Drone  
  19  1:39  Overlord  
  19  1:52  Drone  
  20  2:09  Metabolic Boost  
  20  2:11  Queen x2  
  20  2:13  Zergling x2  
  25  2:15  Zergling x2  
  25  2:21  Drone x2  
  28  2:28  Drone  
  29  2:38  Baneling Nest  
  29  2:44  Drone x3  
  29  2:48  Overlord  
  31  2:59  Overlord  
  31  3:00  Drone  
  31  3:04  Drone  
  33  3:07  Drone  
  34  3:16  Evolution Chamber  
  33  3:25  Drone x2  
  33  3:26  Drone  
  33  3:27  Zergling x6  
  38  3:28  Drone x2  
  41  3:37  Roach Warren, Drone x2  
  42  3:43  Zerg Melee Weapons Level 1  
  42  3:59  Overlord x2  
  42  4:15  Drone x4  
  46  4:18  Lair, Extractor  
  46  4:20  Extractor  
  46  4:22  Hatchery  
  46  4:23  Drone x3, Extractor  
  45  4:47  Drone  
  45  4:48  Drone x5  
  51  4:54  Drone x3  
  51  4:55  Drone  
  55  5:12  Overlord x3  
  55  5:17  Roach x2  
  55  5:18  Evolution Chamber  
  58  5:22  Spire, Queen  
  58  5:25  Drone x3  
  62  5:40  Roach x4  
  70  5:45  Zerg Ground Armor Level 1  
  68  5:57  Roach  
  68  5:58  Roach x6  
  82  6:08  Overlord x2  
  82  6:34  Mutalisk x5  
  92  6:44  Drone x7  
  92  6:45  Extractor x2  
  97  6:57  Drone x2  
  97  6:58  Zerg Missile Weapons Level 1  
  99  7:03  Mutalisk x2  
  103  7:16  Glial Reconstitution  
  103  7:18  Mutalisk  
  105  7:26  Zergling x2  
  105  7:27  Zergling x16  
  113  7:35  Hatchery  
  112  7:45  Overlord x5  
  112  7:46  Overlord  
  101  8:06  Zergling x6  
  101  8:07  Zergling x12  
  110  8:15  Mutalisk  
  110  8:16  Mutalisk  
  110  8:17  Mutalisk  
  114  8:34  Zergling x2  
  114  8:35  Zergling x18  
  124  8:45  Mutalisk x2  
  124  8:46  Zergling x2  
  129  8:57  Mutalisk x5  
  129  8:59  Mutalisk x3  
  150  9:10  Zergling x4  
Show
View Real Time Build Order
Export as new Build Order

A.I. 1 (Harder) Zerg 

Build Orders: Pool First, Zergling Baneling 

Get SALT Encoding   

  12  0:00  Drone  
  13  0:12  Overlord  
  13  0:18  Drone  
  14  0:31  Drone x2  
  16  0:43  Spawning Pool  
  16  0:45  Drone  
  16  0:50  Drone  
  16  0:53  Extractor  
  16  0:56  Drone  
  17  1:06  Overlord  
  17  1:31  Zergling x2, Queen  
  20  1:34  Zergling x2  
  20  1:38  Roach Warren, Drone  
  21  1:43  Extractor  
  20  1:49  Drone  
  21  1:56  Baneling Nest  
  21  2:00  Drone  
  21  2:11  Drone  
  22  2:21  Zergling x2  
  23  2:32  Drone  
  24  2:37  Overlord  
  24  2:38  Zergling x2  
  24  2:40  Zergling x2  
  24  2:43  Baneling x2  
  24  2:44  Zergling x2, Baneling  
  27  2:55  Drone  
  27  2:57  Baneling  
  28  3:03  Baneling  
  29  3:05  Zergling x2  
  29  3:08  Baneling  
  29  3:09  Zergling x2  
  29  3:12  Metabolic Boost, Zergling x2  
  31  3:17  Zergling x2  
  32  3:24  Overlord  
  32  3:29  Zergling x2  
  33  3:38  Zergling x2  
  34  3:41  Zergling x2  
  34  3:44  Zergling x2  
  34  3:47  Zergling x2  
  36  3:50  Baneling x3  
  36  3:53  Zergling x2  
  37  4:01  Zergling x2  
  38  4:04  Baneling  
  38  4:05  Baneling  
  37  4:11  Baneling  
  37  4:12  Zergling x2  
  37  4:15  Drone, Zergling x2  
  40  4:23  Overlord  
  40  4:34  Evolution Chamber, Drone  
  40  4:45  Drone x3  
  43  4:48  Drone  
  44  4:56  Drone  
  45  5:34  Overlord, Roach  
  47  5:41  Roach  
  47  5:42  Hatchery  
  48  5:48  Lair  
  48  5:49  Roach  
  50  5:56  Roach  
  52  6:00  Overlord  
  52  6:03  Roach  
  54  6:24  Zerg Melee Weapons Level 1  
  54  6:47  Hydralisk Den  
  54  6:48  Centrifical Hooks  
  54  6:53  Drone  
  54  6:56  Drone  
  54  7:00  Drone x2  
  54  7:01  Drone  
  58  7:06  Drone  
  59  7:14  Drone  
  60  7:17  Drone, Hydralisk  
  60  7:19  Drone  
  64  7:24  Overlord, Hydralisk  
  64  7:26  Drone  
  64  7:29  Drone  
  68  7:31  Drone  
  68  7:32  Hydralisk  
  68  7:34  Drone  
  72  7:38  Drone  
  72  7:42  Drone  
  74  7:47  Muscular Augments  
  74  7:48  Drone  
  68  7:52  Drone  
  68  7:55  Drone, Burrow  
  68  7:56  Zergling x2  
  62  7:58  Drone  
  62  8:00  Drone  
  62  8:04  Roach  
  65  8:11  Roach  
  66  8:14  Drone  
  67  8:22  Roach  
  64  8:29  Zergling x2  
  63  8:35  Overlord, Extractor  
  63  8:36  Hydralisk  
  63  8:40  Zergling x2  
  63  8:41  Zergling x2  
  52  8:43  Zergling x2  
  52  8:46  Zergling x2  
  52  8:47  Zergling x2  
  33  8:56  Hydralisk  
  33  8:58  Drone  
  33  8:59  Zergling x2  
  35  9:08  Drone x2  
Tags
 
Add a new tag
Caveats
  • Supply blocks, unpowered buildings, or Contaminate may cause inaccurate times.
  • Supply counts are checked every 10 seconds.